 Dungeon Crawl Stone Soup version 0.24.0-13-gcf9b319 (webtiles) character file.

Game seed: 14631028773916245732, levelgen mode: deterministic

1206 Bronimir the Chopper (level 8, -4/64 HPs)
             Began as a Centaur Warper on Mar 27, 2020.
             Was a Believer of Okawaru.
             Slain by an orc warrior
             ... wielding a +0 halberd
              (14 damage)
             ... on level 6 of the Dungeon.
             The game lasted 00:16:36 (6817 turns).

Bronimir the Chopper (Centaur Warper)               Turns: 6817, Time: 00:16:37

Health: -4/64      AC: 13    Str: 16    XL:     8   Next: 21%
Magic:  10/12      EV:  9    Int: 18    God:    Okawaru [**....]
Gold:   292        SH:  0    Dex:  9    Spells: 2/12 levels left

rFire    . . .     SeeInvis .   a - +0 hand axe
rCold    . . .     Gourm    .   (no shield)
rNeg     . . .     Faith    .   j - +4 ring mail {rPois}
rPois    +         Spirit   .   F - +0 helmet {Int+3}
rElec    .         Reflect  .   e - +0 cloak
rCorr    .         Harm     .   t - +0 pair of gloves
MR       .....                  (no barding)
Stlth    ..........             (no amulet)
HPRegen  0.20/turn              l - ring of flight
MPRegen  0.13/turn              H - +3 ring of intelligence

@: about to teleport, very quick
A: large, hooves 3, deformed body, speed 2, tough skin 3
a: Heroism, Renounce Religion, Evoke Flight


You were on level 6 of the Dungeon.
You worshipped Okawaru.
Okawaru was pleased with you.
You were not hungry.

You visited 1 branch of the dungeon, and saw 7 of its levels.
You also visited: Ossuary.

You collected 292 gold pieces.

Inventory:

Hand Weapons
 a - a +0 hand axe (weapon)
 b - a +0 shortbow
 m - a +0 spear
 K - a +0 vampiric trident
Missiles
 i - 143 stones
 q - 44 sling bullets
 B - 4 boomerangs
 L - 6 poisoned darts (quivered)
 M - 15 bolts
Armour
 e - a +0 cloak (worn)
 j - a +4 ring mail of poison resistance (worn)
 t - a +0 pair of gloves (worn)
 C - a +0 scale mail
 F - a +0 helmet of intelligence (worn)
 I - a +0 leather armour
Jewellery
 l - a ring of flight (left hand)
 y - an uncursed ring of protection from cold {unknown}
 H - a +3 ring of intelligence (right hand)
Wands
 D - a wand of polymorph (5)
Scrolls
 k - 3 scrolls of identify
 s - 5 scrolls of remove curse {unknown}
 u - 4 scrolls of teleportation
 v - 3 scrolls of amnesia {unknown}
Potions
 c - 2 potions of ambrosia {unknown}
 g - 2 potions of flight {unknown}
 h - 3 potions of might {unknown}
 n - 2 potions of heal wounds
 o - 3 potions of lignification {unknown}
 p - 9 potions of degeneration {unknown}
 r - 7 potions of curing
 w - a potion of experience {unknown}
 x - a potion of berserk rage {unknown}
 z - a potion of haste {unknown}
 A - a potion of brilliance {unknown}
 E - a potion of mutation {unknown}
 G - a potion of magic {unknown}
Comestibles
 f - 9 rations


   Skills:
 + Level 3.6 Fighting
 * Level 5.3 Axes
 * Level 1.1 Bows
 + Level 1.2 Throwing
 * Level 3.6 Armour
 + Level 2.6 Dodging
 + Level 2.8 Spellcasting
 + Level 0.4 Charms
 * Level 3.7 Translocations


You had 2 spell levels left.
You knew the following spells:

 Your Spells              Type           Power        Failure   Level  Hunger
a - Blink                 Tloc           N/A          10%         2    ##.....
b - Shroud of Golubria    Chrm/Tloc      ##....       19%         2    ##.....
c - Teleport Other        Tloc           ###.....     19%         3    ###....
d - Gell's Gravitas       Tloc           ###.......   19%         3    ###....

Your spell library contained the following spells:

 Spells                   Type           Power        Failure   Level  Hunger
 Lesser Beckoning         Tloc           ###.......   19%         3    ###....
 Passage of Golubria      Tloc           N/A          54%         4    ####...


Dungeon Overview and Level Annotations

Branches:
Dungeon (7/15)             Temple (0/1) D:4         Ossuary (visited)

Altars:
Hepliaklqana
Okawaru
Qazlal
Sif Muna
Vehumet
Wu Jian
The Shining One

Annotations:
D:4 exclusion: statue


Innate Abilities, Weirdness & Mutations

You have hooves in place of feet.
Armour fits poorly on your strangely shaped body.
You cover ground very quickly.
You have extremely tough skin. (AC +3)


Message History

The orc warrior hits you from afar with a +0 halberd.
* * * LOW HITPOINT WARNING * * *
A howler monkey comes into view.
The howler monkey howls!
Found a metallic grey potion and a long sword.
Okay, then.
Casting: Shroud of Golubria (safe; 19% risk of failure)
Confirm with . or Enter, or press ? or * to list all spells.
Space distorts slightly along a thin shroud covering your body.
The howler monkey hoots and howls with incredible vigour!
As you read the scroll of teleportation, it crumbles to dust.
You feel strangely unstable. The orc warrior barely misses you.
The howler monkey hits you but does no damage.
The howler monkey closely misses you.
The orc warrior hits you but does no damage.
The howler monkey hits you.
* * * LOW HITPOINT WARNING * * *
Your shroud falls apart!
The orc warrior hits you from afar with a +0 halberd!
You die...

#..##.##.## ##.##.#...##
##...## #.##......##
....)##
#.##...............
#.##...)..###.....
##.##.#...## ...
..>...##.## #!#
..###.##.#######h# ####
.......(..((..o.@# ..#
..##.###.######### #.#
.....# #.# ##.## ..##.#
#.#############...########
#.##.#
#..........>...o...o((..S.
#.##.#
######.o.......(..########
#.##.# #(.>......#(#.##
#.##o# #[#.#####.#.#.#
o.##.# #.#.# #.#.#.##


You could see an orc warrior and a howler monkey.

Vanquished Creatures
  2 sky beasts
  An ogre (D:5)
  A centaur (D:5)
  A bullfrog (D:5)
  A water moccasin zombie (D:5)
  A crimson imp (D:6)
  3 centaur zombies
  A hound (D:5)
  A centaur skeleton (D:7)
  2 orc priests
  A bullfrog skeleton (D:5)
  Jessica (D:3)
  3 orc wizards
  4 worker ants
  A big kobold zombie (Ossuary)
  4 mummies
  Robin (D:3)
  5 adders
  An ooze (D:6)
  An adder skeleton (D:5)
  An adder zombie (D:5)
  3 worms
  2 dart slugs
  2 leopard geckos
  12 orcs
  3 ball pythons
  6 bats
  A giant cockroach (D:6)
  16 goblins
  8 hobgoblins
  2 jackals
  12 kobolds
  A quokka (D:5)
  A ball python skeleton (D:4)
  5 frilled lizards
  2 gnoll zombies (Ossuary)
  2 goblin zombies
  A hobgoblin zombie (Ossuary)
  A kobold zombie (D:4)
  A leopard gecko skeleton (D:5)
  An orc zombie (Ossuary)
  A quokka skeleton (D:5)
  8 rats
128 creatures vanquished.

Notes
Turn   | Place    | Note
-------+----------+-------------------------------------------
     0 | D:1      | Bronimir the Centaur Warper began the quest for the Orb.
     0 | D:1      | Reached XP level 1. HP: 17/17 MP: 3/3
   106 | D:1      | Reached skill level 2 in Axes
   110 | D:1      | Reached XP level 2. HP: 16/24 MP: 4/4
   114 | D:1      | Learned a level 2 spell: Blink
   117 | D:1      | Learned a level 2 spell: Shroud of Golubria
   797 | D:2      | Reached XP level 3. HP: 14/29 MP: 5/5
   801 | D:2      | Reached skill level 1 in Armour
  1419 | D:2      | Found an iron altar of Okawaru.
  1427 | D:2      | Became a worshipper of Warmaster Okawaru
  1459 | D:2      | Found a hazy altar of Hepliaklqana.
  1488 | D:2      | Reached XP level 4. HP: 21/36 MP: 7/7
  1618 | D:2      | Learned a level 3 spell: Teleport Other
  1796 | D:2      | Found a glowing golden altar of the Shining One.
  2323 | D:3      | Noticed Jessica
  2323 | D:3      | Noticed Robin
  2351 | D:3      | Reached skill level 3 in Axes
  2354 | D:3      | Reached XP level 5. HP: 38/42 MP: 8/8
  2360 | D:3      | Killed Jessica
  2375 | D:3      | Killed Robin
  2539 | D:4      | Reached * piety under Okawaru
  2676 | D:4      | Found an ornate altar of the Wu Jian Council.
  2714 | D:4      | Found a sand-covered staircase.
  2797 | Ossuary  | Entered an ossuary
  2927 | Ossuary  | Reached XP level 6. HP: 49/51 MP: 9/9
  3349 | D:4      | Found a radiant altar of Vehumet.
  3427 | D:4      | Found a staircase to the Ecumenical Temple.
  3567 | D:5      | Entered Level 5 of the Dungeon
  3593 | D:5      | Found a stormy altar of Qazlal.
  3689 | D:5      | Noticed a sky beast
  3702 | D:5      | Reached skill level 4 in Axes
  3984 | D:5      | Killed a sky beast
  3984 | D:5      | Reached XP level 7. HP: 29/57 MP: 10/10
  4133 | D:5      | Learned a level 3 spell: Gell's Gravitas
  4225 | D:5      | Reached ** piety under Okawaru
  4891 | D:5      | Reached skill level 5 in Axes
  5109 | D:6      | Reached XP level 8. HP: 63/63 MP: 9/12
  5397 | D:6      | Found a shimmering blue altar of Sif Muna.
  5663 | D:6      | HP: 1/63 [something/puff of flame (8)]
  6202 | D:7      | Reached skill level 1 in Bows
  6817 | D:6      | Slain by an orc warrior

Levels and vault maps discovered:
D:1:      lightli_arrival_noodles, layout_basic, minmay_octomino_c4
D:2:      minmay_alternating_diamond, layout_basic,
          nicolae_overflow_hidden_temple, kennysheep_okawaru_gauntlet,
          old_standard_altar
D:3:      layout_rooms, lemuel_crystal_altar,
          nicolae_dithmenos_through_a_glass_darkly,
          chequers_ecumenical_altar_lobes, first_ration, uniq_jessica,
          uniq_robin
D:4:      layout_gridville, lemuel_doored_altar, vehumet_statue,
          minmay_temple_entry_ruins, nicolae_ossuary_entry_giza
D:5:      layout_loops_cross, grunt_qazlal_sundering, hangedman_decor_points
D:6:      layout_loops_ring, led_sif_pool, kennysheep_little_box,
          lemuel_crystal_altar
D:7:      cheibrodos_two_vegetables, layout_loops_corners,
          nicolae_ru_awakened_eye, serial_shops, shop_statue,
          minmay_diced_spiral, uniq_prince_ribbit1

Skill      XL: |  1  2  3  4  5  6  7  8 |
---------------+-------------------------+-----
Axes           | 2 3 4 5 |  5.3
Spellcasting   | 2 |  2.8
Armour         | 1 2 3 |  3.6
Dodging        | 2 |  2.6
Fighting       | 3 |  3.6
Translocations | 3 |  3.7
Bows           | 1 |  1.1
Throwing       | |  1.2
Charms         | |  0.4

Action                   |  1- 3 |  4- 6 |  7- 9 || total
-------------------------+-------+-------+-------++-------
Melee: Hand axe          |   119 |   265 |   188 ||   572
       Kick              |    17 |    57 |    42 ||   116
       Spear             |       |     3 |       ||     3
       Punch             |       |     1 |       ||     1
 Fire: Shortbow          |       |       |    23 ||    23
Throw: Boomerang         |     5 |     2 |       ||     7
       Stone             |       |       |    10 ||    10
       Dart              |       |       |     7 ||     7
 Cast: Shroud of Golubri |       |     6 |     9 ||    15
       Teleport Other    |       |       |     7 ||     7
       Blink             |       |       |     1 ||     1
       Gell's Gravitas   |       |       |     1 ||     1
Invok: Heroism           |       |     1 |     1 ||     2
  Use: Scroll            |       |    10 |     2 ||    12
       Potion            |       |       |     1 ||     1
  Eat: Chunk             |     1 |     4 |     4 ||     9
       Ration            |       |     1 |     2 ||     3
Armor: Ring mail         |    74 |   202 |   124 ||   400
       Leather armour    |     1 |       |       ||     1
Dodge: Dodged            |    73 |   144 |    83 ||   300
